 Dungeon Crawl Stone Soup version 0.25-a0-942-g87a53962fc (webtiles) character file.

Game seed: 5665530869769603472, levelgen mode: deterministic

135661 Flugslaktarn the Severer (level 16, -4/226 HPs)
             Began as a Minotaur Fighter on May 7, 2020.
             Was the Champion of Okawaru.
             Shot with a bolt by a naga sharpshooter (8 damage)
             ... on level 4 of the Snake Pit.
             The game lasted 00:18:13 (29286 turns).

Flugslaktarn the Severer (Minotaur Fighter)        Turns: 29286, Time: 00:18:14

Health: -4/226     AC: 35    Str: 23    XL:     16   Next: 65%
Magic:  21/21      EV: 15    Int: 17    God:    Okawaru [******]
Gold:   1099       SH: 16    Dex: 23    Spells: 15/15 levels left

rFire    + + +     SeeInvis .   u - +8 broad axe "Beetle's Nightmare" {freeze, *Corrode rElec rPois rF+++}
rCold    x . .     Gourm    .   I - +1 kite shield of the Sneaky Lives {rElec rN++}
rNeg     + + .     Faith    +   l - +7 plate armour of Vexation {Int+3}
rPois    +         Spirit   .   j - +0 hat of Uxelegig {-Tele rCorr Int+9}
rElec    +         Reflect  .   s - +2 cloak
rCorr    +         Harm     .   K - +2 pair of gloves {Dex+3}
MR       +....     NoTele   +   O - +2 pair of boots
Stlth    ..........             Q - amulet of faith
HPRegen  0.47/turn              p - +4 ring of protection
MPRegen  0.17/turn              H - ring "Wishazun" {Fire *Corrode +Inv Dex+5 Slay+5}

@: berserking (expiring), lethally poisoned (-4 -> -12), corroded, hasted, very
quick
A: retaliatory headbutt, horns 2
a: Heroism, Finesse, Renounce Religion, Evoke Invisibility


You were on level 4 of the Snake Pit.
You worshipped Okawaru.
Okawaru was exalted by your worship.
You were not hungry.

You visited 4 branches of the dungeon, and saw 27 of its levels.
You also visited: Ice Cave.

You collected 2391 gold pieces.
You spent 1292 gold pieces at shops.

Inventory:

Hand Weapons
 u - the +8 broad axe "Beetle's Nightmare" (weapon) {freeze, *Corrode rElec rPois rF+++}
   (Okawaru gifted it to you on level 10 of the Dungeon)

   It has been specially enchanted to freeze those struck by it, causing extra
   injury to most foes and up to half again as much damage against particularly
   susceptible opponents.
   It can also slow down cold-blooded creatures.
   It renders you almost immune to fire.
   It insulates you from electricity.
   It protects you from poison.
   It may corrode you when you take damage.
 G - a +3 broad axe of electrocution
   (Okawaru gifted it to you on level 6 of the Lair of Beasts)
Missiles
 C - 2 throwing nets (quivered)
Armour
 j - the +0 hat of Uxelegig (worn) {-Tele rCorr Int+9}
   (Okawaru gifted it to you on level 4 of the Lair of Beasts)

   It affects your intelligence (+9).
   It prevents most forms of teleportation.
   It provides partial protection from all sources of acid and corrosion.
 l - the +7 plate armour of Vexation (worn) {Int+3}
   (You found it on level 8 of the Dungeon)

   It affects your intelligence (+3).
 s - a +2 cloak (worn)
   (You took it off Crazy Yiuf on level 7 of the Dungeon)
 I - the +1 kite shield of the Sneaky Lives (worn) {rElec rN++}
   (Okawaru gifted it to you on level 12 of the Dungeon)

   It insulates you from electricity.
   It greatly protects you from negative energy.
 K - a +2 pair of gloves of dexterity (worn)
   (Okawaru gifted it to you on level 5 of the Lair of Beasts)
 O - a +2 pair of boots (worn)
   (You found it on level 4 of the Dungeon)
Jewellery
 i - an uncursed ring of see invisible
   (You found it in an ice cave)
 o - an uncursed ring of poison resistance
   (You found it on level 14 of the Dungeon)
 p - a +4 ring of protection (left hand)
   (You bought it in a shop on level 2 of the Orcish Mines)
 v - a +3 ring of evasion
   (You found it in an ice cave)
 y - an uncursed ring of ice
   (You found it on level 9 of the Dungeon)
 H - the ring "Wishazun" (right hand) {Fire *Corrode +Inv Dex+5 Slay+5}
   (You found it on level 6 of the Lair of Beasts)

   [ring of fire]

   It enhances your fire magic.
   It affects your dexterity (+5).
   It affects your accuracy and damage with ranged weapons and melee attacks
   (+5).
   It protects you from fire.
   It makes you vulnerable to cold.
   It lets you turn invisible.
   It may corrode you when you take damage.
 Q - an amulet of faith (around neck)
   (You bought it in a shop on level 2 of the Orcish Mines)
Wands
 f - a wand of scattershot (2)
   (You took it off an orc on level 7 of the Dungeon)
 g - a wand of acid (23)
   (You found it on level 5 of the Dungeon)
 E - a wand of iceblast (3)
   (You found it on level 2 of the Lair of Beasts)
 J - a wand of paralysis (15)
   (You found it on level 6 of the Lair of Beasts)
 M - a wand of digging (6)
   (You found it on level 2 of the Lair of Beasts)
Scrolls
 k - 4 scrolls of immolation
 m - 5 scrolls of magic mapping
 t - 12 scrolls of teleportation
 x - 11 scrolls of remove curse
 z - 2 scrolls of blinking
 B - 3 scrolls of enchant armour
 F - 5 scrolls of fog
 L - 2 scrolls of holy word
Potions
 a - 2 potions of lignification {unknown}
 b - 3 potions of flight
 c - a potion of invisibility
 d - a potion of might
 h - 6 potions of haste
 n - 4 potions of resistance
 q - 4 potions of curing
 D - a potion of magic
 N - 3 potions of cancellation
 P - a potion of ambrosia
Comestibles
 e - 39 rations


   Skills:
 + Level 16.2 Fighting
 - Level 18.0 Axes
 + Level 16.2 Armour
 + Level 10.3 Dodging
 - Level 15.0 Shields
 - Level 8.0 Invocations


You had 15 spell levels left.
You didn't know any spells.
Your spell library was empty.

Dungeon Overview and Level Annotations

Branches:
Dungeon (15/15)            Temple (0/1) D:6            Lair (6/6) D:10
  Swamp (0/4) Lair:3        Snake (4/4) Lair:3        Slime (0/5) Lair:6
    Orc (2/2) D:9             Elf (0/3) Orc:2        Vaults (0/5) D:14
 Depths (0/5) D:15          IceCv (visited)

Altars:
Cheibriados
Dithmenos
Gozag
Hepliaklqana
Kikubaaqudgha
Nemelex Xobeh
Okawaru
Qazlal
Ru
Sif Muna
Vehumet
Yredelemnul
The Shining One
Jiyva

Shops:
D:5 *   D:12 *   D:13 (   Orc:2 ([*=

Annotations:
Lair:3 exclusion: 4 oklob plants


Innate Abilities, Weirdness & Mutations

You reflexively headbutt those who attack you in melee.
You have a pair of horns on your head.


Message History

You feel sick. The nagaraja misses you. The naga warrior spits poison at you.
The splash of poison hits you but does no damage.
You resist.
Unknown command.
You slice the naga mage!! You freeze the naga mage.
You kill the naga mage!
Okawaru accepts your kill. Something appears at your feet!
Okawaru grants you a weapon!
You hit the naga warrior. You slice the naga sharpshooter!!
You freeze the naga sharpshooter. You hit the naga sharpshooter.
You freeze the naga sharpshooter. You slash the naga! You freeze the naga.
* * * LOW HITPOINT WARNING * * *
You feel sick. The nagaraja spits poison at you. The splash of poison hits you.
You resist.
* * * LOW HITPOINT WARNING * * *
The naga sharpshooter shoots a bolt.
The bolt hits you!
You die...

.#....#...........
.###.##.......... ...
...#N#N.......## ....
.............# ##..#
.....##......# ###...# ....##
#...N####.....+ . ....#
##......N......# ..
....####......NN.....(####...
#............NNN@)N..........
#.............NNN()).......#
##............N..)((......#
##.......###.####..[(<....#
#....##### ### ##.)......#
#...รท# #.....(..... .....#
#........... .....#
#........... #....#
#.......##..


You could see a naga warrior, a nagaraja, 4 naga sharpshooters, 2 naga
ritualists, a naga mage and 3 nagas.

Vanquished Creatures
  Frances (D:13)
  A tengu reaver (D:14)
  3 nagarajas (Snake:4)
  2 frost giants (D:14)
  2 orc warlords (Orc:2)
  Aizul (Snake:3)
  A dire elephant (Lair:5)
  2 ettins
  Erolcha (D:9)
  3 naga warriors
  Harold (D:11)
  A rakshasa (D:15)
  An ice dragon (Lair:6)
  9 hydras
  4 anacondas
  6 centaur warriors
  2 dancing weapons (D:14)
  Erica (D:10)
  A merfolk avatar (Lair:6)
  11 two-headed ogres
  A death yak (Lair:4)
  An ogre mage (D:15)
  Urug (Orc:1)
  3 orc high priests (Orc:2)
  6 shock serpents
  4 naga sharpshooters
  A salamander mystic (Snake:2)
  A glowing orange brain (D:15)
  3 unseen horrors
  6 orc knights
  3 deep elf magi
  A wizard (D:14)
  Pikel (D:8)
  4 cyclopes
  5 orc sorcerers (Orc:2)
  13 ugly things
  A mana viper (Snake:3)
  5 salamanders
  6 manticores
  10 elephants
  7 black mambas
  4 ice statues
  9 naga magi
  3 guardian serpents
  A guardian serpent (shapeshifter) (D:15)
  11 spiny frogs
  A kobold demonologist (D:15)
  4 yaktaurs (D:15)
  2 rime drakes
  5 komodo dragons
  A merfolk (D:10)
  18 polar bears
  6 trolls
  16 blink frogs
  2 wind drakes (Lair:6)
  2 hornets (Lair:6)
  11 slime creatures
  11 hippogriffs
  Sigmund (D:6)
  A spriggan (Lair:5)
  3 vampires
  5 wyverns
  2 shadows
  14 yaks
  Eustachio (D:6)
  5 basilisks
  5 hungry ghosts
  4 vampire mosquitoes (D:15)
  Grum (D:10)
  7 wargs
  Edmund (D:6)
  A soldier ant (D:14)
  31 nagas
  6 porcupines
  14 water moccasins
  4 slaves (D:8)
  3 black bears
  20 ice beasts
  41 orc warriors
  8 ogres
  4 sky beasts
  An eye of draining (D:14)
  4 phantoms
  24 wolves
  The ghost of bmj180 the Conjurer, an amateur DrCj (D:4)
  13 centaurs
  6 crocodiles
  4 big kobolds
  3 wyvern zombies
  19 bullfrogs
  A gnoll sergeant (D:5)
  A water moccasin zombie (D:7)
  A water moccasin skeleton (D:5)
  6 scorpions
  21 killer bees
  3 wights (D:7)
  8 howler monkeys
  An electric eel (D:10)
  7 crimson imps
  8 bullfrog zombies
  3 centaur zombies
  13 hounds
  A quasit (D:9)
  37 orc priests
  6 centaur skeletons
  5 jellies
  Crazy Yiuf (D:7)
  Terence (D:2)
  4 iguanas
  32 orc wizards
  11 worker ants
  A hound zombie (D:6)
  A hound skeleton (D:4)
  Robin (D:4)
  22 gnolls
  A worker ant zombie (D:6)
  16 adders
  4 shadow imps
  2 white imps (Lair:6)
  3 oozes
  2 adder skeletons
  An adder zombie (D:7)
  2 worms
  2 dart slugs
  10 leopard geckos
  109 orcs
  2 bats
  3 giant cockroaches
  45 goblins
  27 hobgoblins
  10 jackals
  28 kobolds
  3 quokkas
  A ball python (D:2)
  6 frilled lizards
  A goblin skeleton (D:5)
  A goblin zombie (D:5)
  2 hobgoblin zombies (D:5)
  2 kobold skeletons (D:5)
  A kobold zombie (D:5)
  An orc skeleton (D:5)
  7 rats
  A spectral orc (D:9)
  2 fungi
  4 plants
996 creatures vanquished.

Vanquished Creatures (collateral kills)
  A slime creature (D:15)
1 creature vanquished.

Vanquished Creatures (others)
  A naga ritualist (Snake:4)
  A naga mage (Snake:4)
  An orc wizard (Orc:1)
  5 fungi (Lair:6)
  9 plants
17 creatures vanquished.

Grand Total: 1014 creatures vanquished

Notes
Turn   | Place    | Note
-------+----------+-------------------------------------------
     0 | D:1      | Flugslaktarn the Minotaur Fighter began the quest for the
                  | Orb.
     0 | D:1      | Reached XP level 1. HP: 19/19 MP: 0/0
   174 | D:1      | Reached XP level 2. HP: 25/27 MP: 1/1
   289 | D:1      | Reached skill level 3 in Axes
   677 | D:2      | Reached XP level 3. HP: 33/33 MP: 2/2
   796 | D:2      | Reached XP level 4. HP: 40/40 MP: 3/3
  1073 | D:2      | Found an iron altar of Okawaru.
  1082 | D:2      | Became a worshipper of Warmaster Okawaru
  1204 | D:2      | Reached skill level 4 in Axes
  1419 | D:2      | Noticed Terence
  1433 | D:2      | Killed Terence
  1874 | D:3      | Reached XP level 5. HP: 47/47 MP: 4/4
  1901 | D:3      | Reached skill level 1 in Invocations
  2339 | D:3      | Found a radiant altar of Vehumet.
  2526 | D:3      | Reached * piety under Okawaru
  2526 | D:3      | Reached skill level 5 in Axes
  2526 | D:3      | Reached XP level 6. HP: 29/55 MP: 4/6
  2538 | D:3      | Reached skill level 5 in Shields
  2808 | D:3      | Reached skill level 5 in Fighting
  2872 | D:3      | Reached skill level 5 in Armour
  3487 | D:4      | Found a runed translucent door.
  3492 | D:4      | Noticed bmj180's ghost (amateur DrCj)
  3502 | D:4      | Reached XP level 7. HP: 58/61 MP: 7/7
  3551 | D:4      | Identified the +7 chain mail "Hoppisej" {rN+ Dex+2}
  3590 | D:4      | Killed bmj180's ghost
  3590 | D:4      | Reached skill level 6 in Axes
  3775 | D:4      | Noticed Robin
  3787 | D:4      | Killed Robin
  4005 | D:5      | Entered Level 5 of the Dungeon
  4021 | D:5      | Found a glowing golden altar of the Shining One.
  4055 | D:5      | Reached ** piety under Okawaru
  4176 | D:5      | Found Miah's Lightly-Used Armoury.
  4192 | D:5      | Reached skill level 7 in Axes
  4192 | D:5      | Reached XP level 8. HP: 66/70 MP: 9/9
  4706 | D:5      | Found an ancient bone altar of Kikubaaqudgha.
  4831 | D:5      | Found a sparkling altar of Nemelex Xobeh.
  4832 | D:5      | Found an opulent altar of Gozag.
  5091 | D:6      | Reached *** piety under Okawaru
  5091 | D:6      | Reached skill level 8 in Axes
  5108 | D:6      | Noticed Eustachio
  5168 | D:6      | Killed Eustachio
  5317 | D:6      | Reached XP level 9. HP: 60/78 MP: 11/11
  5517 | D:6      | Noticed Edmund
  5534 | D:6      | Killed Edmund
  5599 | D:6      | Noticed Sigmund
  5615 | D:6      | Killed Sigmund
  5615 | D:6      | Reached skill level 9 in Axes
  5730 | D:6      | Reached **** piety under Okawaru
  6130 | D:6      | Found a staircase to the Ecumenical Temple.
  6376 | D:7      | Reached skill level 5 in Invocations
  6424 | D:7      | Reached skill level 10 in Axes
  6831 | D:7      | Reached XP level 10. HP: 88/88 MP: 13/13
  7078 | D:7      | Reached ***** piety under Okawaru
  7099 | D:7      | Found a hazy altar of Hepliaklqana.
  7102 | D:7      | Found a shimmering blue altar of Sif Muna.
  7276 | D:7      | Found a runed translucent door.
  7277 | D:7      | Noticed Crazy Yiuf
  7305 | D:7      | Found a sacrificial altar of Ru.
  7424 | D:7      | Killed Crazy Yiuf
  7521 | D:8      | Found a shadowy altar of Dithmenos.
  7633 | D:8      | Noticed Pikel
  7636 | D:8      | Got a jewelled plate armour
  7654 | D:8      | Killed Pikel
  7666 | D:8      | Identified the +7 plate armour of Vexation {Int+3} (You
                  | found it on level 8 of the Dungeon)
  7792 | D:8      | Reached skill level 11 in Axes
  7838 | D:8      | Received a gift from Okawaru
  8083 | D:9      | Noticed Erolcha
  8091 | D:9      | Paralysed by Erolcha for 7 turns
  8113 | D:9      | Killed Erolcha
  8272 | D:9      | Found a snail-covered altar of Cheibriados.
  8331 | D:9      | Found a basalt altar of Yredelemnul.
  8744 | D:9      | Found a staircase to the Orcish Mines.
  8842 | D:9      | Reached XP level 11. HP: 97/97 MP: 14/14
  9085 | D:10     | Entered Level 10 of the Dungeon
  9091 | D:10     | Reached skill level 12 in Axes
  9162 | D:10     | Found a staircase to the Lair.
  9192 | D:10     | Received a gift from Okawaru
  9213 | D:10     | Got a crystal broad axe {god gift}
  9214 | D:10     | Identified the +8 broad axe "Beetle's Nightmare" {freeze,
                  | *Corrode rElec rPois rF+++} (Okawaru gifted it to you on
                  | level 10 of the Dungeon)
  9590 | D:10     | Noticed Grum
  9605 | D:10     | Killed Grum
 10143 | Lair:1   | Entered Level 1 of the Lair of Beasts
 10987 | Lair:2   | Reached skill level 10 in Fighting
 10987 | Lair:2   | Reached skill level 13 in Axes
 10987 | Lair:2   | Reached skill level 10 in Shields
 11046 | Lair:2   | Reached ****** piety under Okawaru
 11183 | Lair:2   | Noticed a seven-headed hydra
 11186 | Lair:2   | Received a gift from Okawaru
 11186 | Lair:2   | Reached skill level 10 in Armour
 11194 | Lair:2   | Killed a 12-headed hydra
 11754 | Lair:3   | Reached XP level 12. HP: 97/107 MP: 16/16
 11885 | Lair:3   | Found a staircase to the Snake Pit.
 11999 | Lair:3   | Found a staircase to the Swamp.
 12283 | Lair:3   | Reached skill level 14 in Axes
 13015 | Lair:4   | Noticed a death yak
 13015 | Lair:4   | Noticed an eight-headed hydra
 13015 | Lair:4   | Noticed a seven-headed hydra
 13052 | Lair:4   | Killed a 14-headed hydra
 13052 | Lair:4   | Received a gift from Okawaru
 13055 | Lair:4   | Killed a death yak
 13069 | Lair:4   | Killed a 16-headed hydra
 13119 | Lair:4   | Got a brightly glowing hat {god gift}
 13126 | Lair:4   | Identified the +0 hat of Uxelegig {-Tele rCorr Int+9}
                  | (Okawaru gifted it to you on level 4 of the Lair of Beasts)
 13682 | Lair:4   | Noticed an eight-headed hydra
 13768 | Lair:4   | Killed an 18-headed hydra
 14248 | Lair:4   | Reached skill level 15 in Axes
 14875 | Lair:5   | Noticed a six-headed hydra
 14882 | Lair:5   | Killed a nine-headed hydra
 14931 | Lair:5   | Noticed a seven-headed hydra
 14942 | Lair:5   | Killed a 13-headed hydra
 14942 | Lair:5   | Reached XP level 13. HP: 64/116 MP: 18/18
 15841 | Lair:5   | Noticed a dire elephant
 15843 | Lair:5   | Received a gift from Okawaru
 15850 | Lair:5   | Killed a dire elephant
 16550 | Lair:6   | Entered Level 6 of the Lair of Beasts
 16973 | Lair:6   | Reached skill level 16 in Axes
 17343 | Lair:6   | Got a scintillating turquoise ring
 17350 | Lair:6   | Identified the ring "Wishazun" {Fire *Corrode +Inv Dex+5
                  | Slay+5} (You found it on level 6 of the Lair of Beasts)
 17662 | Lair:6   | Received a gift from Okawaru
 18848 | Lair:6   | Found a staircase to the Slime Pits.
 18849 | Lair:6   | Found a viscous altar of Jiyva.
 19048 | Lair:6   | Reached XP level 14. HP: 111/127 MP: 19/19
 19294 | D:11     | Noticed Harold
 19302 | D:11     | Received a gift from Okawaru
 19304 | D:11     | Killed Harold
 19442 | D:11     | Reached skill level 17 in Axes
 20126 | D:12     | Reached skill level 1 in Dodging
 20406 | D:12     | Found a stormy altar of Qazlal.
 20433 | D:12     | Found Megguvee's General Store.
 20461 | D:12     | Received a gift from Okawaru
 20470 | D:12     | Got an ancient kite shield {god gift}
 20481 | D:12     | Identified the +1 kite shield of the Sneaky Lives {rElec
                  | rN++} (Okawaru gifted it to you on level 12 of the Dungeon)
 20750 | D:13     | Noticed Frances
 20761 | D:13     | Killed Frances
 20923 | D:13     | You fall into a shaft and drop 2 floors!
 20923 | D:15     | Entered Level 15 of the Dungeon
 21060 | D:15     | Found a frozen archway.
 21115 | IceCv    | Entered an ice cave
 21709 | IceCv    | Got a coiled amber ring
 21741 | D:15     | Identified the ring of Foolhardiness {*Tele rN+} (You found
                  | it in an ice cave)
 22054 | D:15     | Reached skill level 18 in Axes
 22268 | D:15     | Received a gift from Okawaru
 22381 | D:15     | Reached XP level 15. HP: 137/137 MP: 20/20
 22385 | D:15     | Reached skill level 5 in Dodging
 22957 | D:15     | Found a staircase to the Depths.
 23291 | D:14     | Received a gift from Okawaru
 23324 | D:14     | Noticed a frost giant
 23329 | D:14     | Noticed a frost giant
 23338 | D:14     | Noticed a tengu reaver
 23346 | D:14     | Killed a frost giant
 23352 | D:14     | Killed a frost giant
 23606 | D:14     | Received a gift from Okawaru
 23615 | D:14     | Killed a tengu reaver
 24003 | D:14     | Found a gate to the Vaults.
 24688 | D:13     | Found Diomir's Weapon Shop.
 25035 | Orc:1    | Entered Level 1 of the Orcish Mines
 25052 | Orc:1    | Noticed Urug
 25065 | Orc:1    | Killed Urug
 25213 | Orc:1    | Received a gift from Okawaru
 25574 | Orc:2    | Entered Level 2 of the Orcish Mines
 25632 | Orc:2    | Noticed an orc warlord
 25646 | Orc:2    | Killed an orc warlord
 25863 | Orc:2    | Found a staircase to the Elven Halls.
 25868 | Orc:2    | Paralysed by an orc sorcerer for 2 turns
 26421 | Orc:2    | Reached skill level 15 in Fighting
 26421 | Orc:2    | Reached skill level 15 in Shields
 26446 | Orc:2    | Noticed an orc warlord
 26824 | Orc:2    | Killed an orc warlord
 26824 | Orc:2    | Received a gift from Okawaru
 26824 | Orc:2    | Reached skill level 15 in Armour
 26940 | Orc:2    | Found Ronat's Antique Armour Emporium.
 27153 | Orc:2    | Found Heraf's Antique Weapon Emporium.
 27154 | Orc:2    | Found Decvota's General Store.
 27154 | Orc:2    | Found Gufom's Jewellery Shoppe.
 27159 | Orc:2    | Bought a +4 ring of protection for 612 gold pieces
 27159 | Orc:2    | Bought an uncursed amulet of faith for 680 gold pieces
 27504 | D:10     | Noticed Erica
 27517 | D:10     | Killed Erica
 27517 | D:10     | Reached XP level 16. HP: 149/149 MP: 21/21
 27606 | Snake:1  | Entered Level 1 of the Snake Pit
 27745 | Snake:2  | Received a gift from Okawaru
 28106 | Snake:3  | Noticed Aizul
 28142 | Snake:3  | Killed Aizul
 28496 | Snake:4  | Entered Level 4 of the Snake Pit
 29262 | Snake:4  | Reached skill level 10 in Dodging
 29282 | Snake:4  | HP: 9/226 [naga sharpshooter/bolt (10)]
 29286 | Snake:4  | Received a gift from Okawaru
 29286 | Snake:4  | HP: 4/226 [nagaraja/splash of poison (3)]
 29286 | Snake:4  | Shot with a bolt by a naga sharpshooter

Levels and vault maps discovered:
D:1:      lightli_arrival_flooded_house, layout_loops_ring
D:2:      layout_basic, okawaru_metal_pillars_3, uniq_terence
D:3:      minmay_goblin_kobold_castle, layout_rooms, vehumet_crystals,
          nicolae_overflow_hidden_temple, first_ration
D:4:      layout_cave_pools, ebering_ghost_sewer_d, hangedman_decor_riveting,
          minmay_stone_trees_small, uniq_robin
D:5:      layout_basic, grunt_temple_overflow_opulence, old_standard_altar,
          nicolae_tso_besieged_by_evil, minmay_shop_damaged,
          minmay_fractal_squares_5
D:6:      layout_layer_cave, temple_hall, uniq_sigmund, uniq_edmund,
          uniq_eustachio
D:7:      layout_loops_ring, hangedman_ru_absence,
          gammafunk_temple_overflow_pools, uniq_crazy_yiuf_cottage
D:8:      layout_rooms, nicolae_dithmenos_through_a_glass_darkly, uniq_pikel
D:9:      layout_big_octagon, lemuel_round_altar,
          yredelemnul_forgotten_temple_becter, david_orc_4, uniq_erolcha
D:10:     layout_roguey, erik_lair_island, hangedman_fish_farm, uniq_grum,
          uniq_erica
D:11:     layout_long_grid, uniq_harold
D:12:     layout_cave_pools, serial_shops, nicolae_shop_crystal,
          grunt_qazlal_clouds
D:13:     layout_roguey, serial_shops, kennysheep_little_box,
          chequers_serial_rivers_small_b, uniq_frances
D:14:     minmay_goldmine, layout_loops_corners, erik_vaults_1,
          hangedman_decor_points, minmay_diamond_spiral
D:15:     gammafunk_enter_depths_forms, layout_irregular_city,
          portal_ice_cave_entry_pillars_1
Lair:1:   layout_chaotic_city
Lair:2:   layout_roguey
Lair:3:   layout_roguey, swamp_mist_pool, minmay_snake_entry_guardpost_small,
          minmay_lair_oklob_chamber
Lair:4:   layout_cave_pods, st_stairs_3, beast_lair_carwin_2
Lair:5:   layout_layer_cave, grunt_forest_large_clearing_hut,
          serial_bayou_shore_a, lemuel_fruit_tree, grunt_megastairs_1
Lair:6:   gammafunk_lair_ancient_temple, layout_regular_city, slime_altar_1,
          ice2_lemuel
Snake:1:  layout_grid_maze, nrook_guardian_serpent_ordinary, grunt_megastairs_3,
          minmay_shoptagon
Snake:2:  layout_onion_interference, lemuel_oklob_altar
Snake:3:  layout_basic, uniq_asterion, uniq_aizul, uniq_kirke
Snake:4:  snake_pit, layout_cave_town
Orc:1:    layout_caves, uniq_urug
Orc:2:    st_orc_congregation, layout_diamond_mine, nicolae_orc_tapped_out

Skill      XL: |  1  2  3  4  5  6  7  8  9 10 11 12 13 14 15 16 |
---------------+-------------------------------------------------+-----
Axes           | 3 4 5 7 8 10 11 13 15 16 18 | 18.0
Fighting       | 4 5 6 8 9 10 11 12 13 15 16 | 16.2
Armour         | 4 5 6 7 9 10 11 12 13 15 16 | 16.2
Shields        | 4 5 6 8 9 10 11 12 13 15 | 15.0
Invocations    | 1 2 3 4 5 6 7 8 |  8.0
Dodging        | 4 8 10 | 10.3

Action                   |  1- 3 |  4- 6 |  7- 9 | 10-12 | 13-15 | 16-18 || total
-------------------------+-------+-------+-------+-------+-------+-------++-------
Melee: War axe           |    76 |   216 |   373 |   290 |       |       ||   955
       Headbutt          |    10 |    32 |    88 |   140 |   267 |    76 ||   613
       Broad axe         |       |       |       |   326 |   945 |   203 ||  1474
Invok: Heroism           |       |       |     2 |     4 |     2 |       ||     8
       Finesse           |       |       |       |     1 |     2 |       ||     3
Evoke: Wand              |       |       |       |     7 |       |       ||     7
  Use: Scroll            |       |       |    19 |     9 |    10 |     1 ||    39
       Potion            |       |       |     2 |     3 |     2 |     5 ||    12
 Stab: Distracted        |       |       |       |       |     1 |       ||     1
  Eat: Chunk             |       |    17 |    17 |    25 |    33 |     3 ||    95
       Ration            |       |       |     1 |       |     2 |     1 ||     4
Armor: Scale mail        |    28 |    19 |       |       |       |       ||    47
       Chain mail        |       |   121 |   215 |    44 |       |       ||   380
       Plate armour      |       |       |       |   447 |   508 |   100 ||  1055
Dodge: Dodged            |    30 |    46 |   100 |   144 |   194 |    78 ||   592
Block: Kite shield       |    43 |   146 |   214 |   442 |   571 |   181 ||  1597

Table legend:
 A = Non-vault XP
 B = Vault XP
 C = Vault XP percentage of total XP
 D = Non-vault monster count
 E = Vault monster count
 F = Vault count percentage of total count
                 A         B        C        D         E       F
            +---------+---------+-------+---------+---------+-------
      Total |  121797 |   72005 |  37.2 |     669 |     320 |  32.4
            +---------+---------+-------+---------+---------+-------
        D:1 |      35 |       0 |   0.0 |      19 |       0 |   0.0
        D:2 |     108 |      36 |  25.0 |      22 |       1 |   4.3
        D:3 |      94 |     400 |  81.0 |      24 |      62 |  72.1
        D:4 |     216 |     164 |  43.2 |      15 |      15 |  50.0
        D:5 |     961 |     125 |  11.5 |      28 |      13 |  31.7
        D:6 |    1083 |     602 |  35.7 |      28 |       3 |   9.7
        D:7 |    2388 |      39 |   1.6 |      38 |       1 |   2.6
        D:8 |    1405 |     607 |  30.2 |      30 |       1 |   3.2
        D:9 |    1228 |    1725 |  58.4 |      22 |      20 |  47.6
       D:10 |    1679 |    2659 |  61.3 |      27 |      15 |  35.7
       D:11 |    5436 |     997 |  15.5 |      33 |       1 |   2.9
       D:12 |    8221 |       0 |   0.0 |      40 |       0 |   0.0
       D:13 |    5124 |    2260 |  30.6 |      21 |       1 |   4.5
       D:14 |    6718 |    8749 |  56.6 |      30 |      17 |  36.2
       D:15 |   23045 |    4775 |  17.2 |      60 |       9 |  13.0
     Lair:1 |    1868 |       0 |   0.0 |      10 |       0 |   0.0
     Lair:2 |    4625 |       0 |   0.0 |      19 |       0 |   0.0
     Lair:3 |    4998 |     629 |  11.2 |      29 |       4 |  12.1
     Lair:4 |    7448 |    1968 |  20.9 |      19 |       5 |  20.8
     Lair:5 |    4815 |    2891 |  37.5 |      15 |       5 |  25.0
     Lair:6 |    7232 |   13680 |  65.4 |      18 |      45 |  71.4
    Snake:1 |     529 |    2423 |  82.1 |       1 |       4 |  80.0
    Snake:2 |   10811 |       0 |   0.0 |      29 |       0 |   0.0
    Snake:3 |    5230 |    1654 |  24.0 |       9 |       1 |  10.0
    Snake:4 |    9111 |   10048 |  52.4 |      20 |      12 |  37.5
      Orc:1 |    2462 |     855 |  25.8 |      38 |       1 |   2.6
      Orc:2 |    4927 |   11522 |  70.0 |      25 |      73 |  74.5
      IceCv |       0 |    3197 | 100.0 |       0 |      11 | 100.0
            +---------+---------+-------+---------+---------+-------
